 Dungeon Crawl Stone Soup version 0.29-a0-334-gb41bcbb86e (webtiles) character file.

Game seed: 2016921286271100729

47 Antichthon the Grasshopper (level 3, -8/32 HPs)
             Began as a Naga Warper on Apr 15, 2022.
             Killed by nerve-wracking pain
             ... invoked by an orc priest
              (11 damage)
             ... on level 3 of the Dungeon.
             The game lasted 00:03:44 (1779 turns).

Antichthon the Grasshopper (Naga Warper)            Turns: 1779, Time: 00:03:44

Health: -8/32      AC:  3    Str: 13    XL:     3   Next: 70%
Magic:  6/6        EV:  9    Int: 13    God:
Gold:   106        SH:  0    Dex: 12    Spells: 1/6 levels left

rFire   . . .      SeeInvis +   a - +0 hand axe
rCold   + . .      Faith    .   (no shield)
rNeg    . . .      Spirit   .   b - +0 leather armour
rPois   +          Reflect  .   (no helmet)
rElec   .          Harm     .   (no cloak)
rCorr   .          Rampage  .   n - +0 pair of gloves
Will    .....                   (no barding)
Stlth   +.........              (no amulet)
HPRegen 0.10/turn               g - ring of protection from cold
MPRegen 0.10/turn               (no ring)

@: very slow
A: AC +1, large, see invisible, deformed body, poison resistance, slowness 2,
spit poison 1, naga tail 1
a: Spit Poison


You were on level 3 of the Dungeon.
You visited 1 branch of the dungeon, and saw 3 of its levels.

You collected 106 gold pieces.

Inventory:

Hand Weapons
 a - a +0 hand axe (weapon)
Missiles
 d - 7 boomerangs of dispersal (quivered)
Armour
 b - a +0 leather armour (worn)
 n - a +0 pair of gloves (worn)
Jewellery
 g - a ring of protection from cold (left hand)
Scrolls
 c - 3 scrolls of blinking
 e - a scroll of teleportation {unknown}
 f - a scroll of enchant armour {unknown}
 j - a scroll of amnesia {unknown}
Potions
 h - a potion of cancellation {unknown}
 i - a potion of heal wounds {unknown}
 k - a potion of curing {unknown}
 l - a potion of resistance {unknown}
 m - a potion of mutation {unknown}
 o - a potion of magic {unknown}


   Skills:
 * Level 2.2 Fighting
 * Level 2.3 Axes
 * Level 0.1(0.4) Slings
 - Level 0.8 Throwing
 * Level 1.1 Armour
 * Level 1.8 Dodging
 * Level 0.8 Stealth
 * Level 0.2 Shields
 * Level 2.1 Spellcasting
 * Level 3.2 Translocations
 * Level 0.4 Transmutations
 * Level 0.7 Earth Magic
 * Level 0.5 Invocations


You had one spell level left.
You knew the following spells:

 Your Spells              Type           Power      Damage    Failure   Level
a - Blink                 Tloc           18%        N/A       13%         2
b - Teleport Other        Tloc           9%         N/A       26%         3

Your spell library contained the following spells:

 Spells                   Type           Power      Damage    Failure   Level
 Magic Dart               Conj           4%         1d3       32%         1
 Gell's Gravitas          Tloc           9%         N/A       26%         3
 Lesser Beckoning         Tloc           9%         N/A       26%         3
 Call Imp                 Summ           1%         N/A       43%         2
 Mephitic Cloud           Conj/Pois/Air  1%         N/A       67%         3
 Manifold Assault         Tloc           9%         N/A       94%         5


Dungeon Overview and Level Annotations

Branches:
Dungeon (3/15)

Altars:


Innate Abilities, Weirdness & Mutations

Your serpentine skin is tough. (AC +1)
You have supernaturally acute eyesight. (SInv)
Armour fits poorly on your strangely shaped body.
Your system is resistant to poisons. (rPois)
You cover ground very slowly.
You can spit poison.
You have a snake-like lower body.


Message History

The endoplasm hits you. The endoplasm freezes you.
You are frozen.
You resist.
You hit the endoplasm.
You kill the endoplasm! 2 orc priests and an orc wizard come into view.
The orc wizard shouts!
An orc comes into view. It is wielding a +0 mace.
An orc comes into view. It is wielding a +0 war axe.
The orc priest calls down the wrath of Beogh upon you.
Pain shoots through your body!
A frilled lizard comes into view.
You see here a wand of mindburst (10).
The frilled lizard hisses angrily.
You see here a scroll of blinking.
c - 3 scrolls of blinking (gained 1)
The frilled lizard closely misses you.
You barely miss the frilled lizard.
The orc priest calls down the wrath of Beogh upon you.
Beogh smites you!
* * * LOW HITPOINT WARNING * * *
The frilled lizard bites you.
* * * LOW HITPOINT WARNING * * *
There are no items here.
Unknown command.
You hit the frilled lizard.
You kill the frilled lizard!
The orc priest begins to cast a cantrip, but forgets the words!
The orc wizard attacks as you move away!
The orc wizard hits you but does no damage.
The orc priest barely misses you.
Things that are here:
a scroll labelled VEOZACL VEFABB; a frilled lizard corpse
Found a white potion.
You closely miss the orc priest. You closely miss the orc wizard.
The orc wizard hits you with a +0 dagger.
* * * LOW HITPOINT WARNING * * *
The orc priest invokes the aid of Beogh against you.
Pain shoots through your body!
You die...

!....... .......
.....####
#.......#
#.......#
#.......#
#.......#.######
#######
#..@....#.......
......#
#..oo...#.......
......#
#.......#..o.o.o
......#
#.......#...o..
..†..<###
#...../.#......
#.......#
#.........#
#.#####.#
########..# #.#
#.# ##### #..#
#.#####.####...##
##.##


You could see an orc priest and an orc wizard.

Vanquished Creatures
  3 dart slugs
  4 endoplasms
  2 giant cockroaches
  2 goblins (D:1)
  2 hobgoblins
  3 jackals (D:2)
  A kobold (D:1)
  2 quokkas (D:1)
  4 ball pythons
  7 bats
  3 frilled lizards
  4 rats
37 creatures vanquished.

Notes
Turn   | Place    | Note
-------+----------+-------------------------------------------
     0 | D:1      | Antichthon the Naga Warper began the quest for the Orb.
     0 | D:1      | Reached XP level 1. HP: 19/19 MP: 3/3
   320 | D:1      | Found a faded altar of an unknown god.
   370 | D:1      | Reached XP level 2. HP: 26/26 MP: 5/5
   824 | D:1      | Reached XP level 3. HP: 32/32 MP: 6/6
   827 | D:1      | Learned a level 2 spell: Blink
   831 | D:1      | Learned a level 3 spell: Teleport Other
   930 | D:2      | Reached skill level 1 in Armour
  1779 | D:3      | Killed from afar by an orc priest

Illustrated notes

Levels and vault maps discovered:
D:1:      lemuel_arrival_cross, layout_basic, basic_ecumenical_altar,
          grunt_decor_arrowhead
D:2:      layout_rooms
D:3:      layout_basic, kennysheep_jessica_study, uniq_sigmund

Skill      XL: |  1  2  3 |
---------------+----------+-----
Armour         | 1 |  1.1
Fighting       | |  2.2
Axes           | |  2.3
Slings         | |  0.1
Throwing       | |  0.8
Dodging        | |  1.8
Stealth        | |  0.8
Shields        | |  0.2
Spellcasting   | |  2.1
Translocations | |  3.2
Transmutations | |  0.4
Earth Magic    | |  0.7
Invocations    | |  0.5

Action                   || total
-------------------------++-------
Melee: Hand axe          ||    89
       Punch             ||     2
 Abil: Spit Poison       ||     9
 Stab: Sleeping          ||     2
Armor: Leather armour    ||    46
Dodge: Dodged            ||    70

Table legend: (Time is in decaauts)
 A = Elapsed time spent in this place.
 B = Non-inter-level travel time spent in this place.
 C = Inter-level travel time spent in this place.
 D = Time resting spent in this place.
 E = Time spent auto-exploring this place.
 F = Levels seen in this place.
 G = Mean time per level.
                   A        B        C        D        E       F      G
               +--------+--------+--------+--------+--------+-----+--------+
         Total |   2117 |   2073 |     44 |      0 |   1682 |   3 |  705.7 |
       Dungeon |   2117 |   2073 |     44 |      0 |   1682 |   3 |  705.7 |
               +--------+--------+--------+--------+--------+-----+--------+

Top non-repeatable levels by time:
     D:1: 1069 daAuts
     D:2: 940 daAuts
     D:3: 107 daAuts
